Map: Ephemeron LE

Players

DisK - Winner!

  • Race: Protoss Protoss
  • Spawn Location: 11:00

SKillous

  • Race: Protoss Protoss
  • Spawn Location: 5:00

VOD

Have the link to the VOD?

Description

Time

  • Played on: Sept. 6, 2019, 9:19 p.m.
  • Length: 6:52
Show
View Real Time Build Order
Export as new Build Order

DisK Protoss - Winner!

Build Orders:  

Get SALT Encoding   

  12  0:00  Probe  
  13  0:12  Probe  
  14  0:17  Pylon  
  14  0:25  Probe  
  15  0:34  Probe  
  15  0:35  Gateway  
  15  0:42  Probe  
  16  0:48  Assimilator  
  17  0:52  Probe  
  17  0:56  Assimilator  
  18  1:03  Probe  
  18  1:09  Gateway  
  19  1:11  Probe  
  20  1:20  Probe  
  21  1:26  Cybernetics Core  
  21  1:31  Probe  
  22  1:36  Pylon  
  22  1:43  Probe  
  22  1:46  Warp Gate  
  23  1:58  Probe  
  24  2:02  Stalker x2  
  28  2:14  Pylon  
  28  2:32  Stalker x2  
  28  2:34  Shield Battery  
  32  3:02  Stalker x2  
  32  3:04  Shield Battery  
  36  3:11  Pylon  
  36  3:30  Shield Battery  
  36  3:41  Stalker x2  
  40  3:48  Robotics Facility  
  40  3:55  Nexus  
  39  4:06  Adept x2  
  43  4:31  Stalker x2  
  43  4:41  Probe  
  40  4:52  Immortal  
  44  4:54  Probe  
  44  4:55  Adept  
  45  5:00  Adept  
  45  5:03  Probe  
  45  5:04  Probe  
  48  5:11  Probe  
  48  5:13  Probe  
  47  5:28  Shield Battery  
  47  5:31  Probe  
  47  5:33  Shield Battery  
  47  5:34  Probe  
  45  5:41  Pylon, Sentry x2  
  49  5:43  Immortal, Probe  
  54  5:59  Probe x2  
  56  6:05  Sentry x2  
  60  6:11  Probe x2  
  60  6:13  Pylon  
  62  6:26  Shield Battery  
  62  6:31  Probe x2  
  58  6:43  Stalker x2  
Show
View Real Time Build Order
Export as new Build Order

SKillous Protoss 

Build Orders:  

Get SALT Encoding   

  12  0:00  Probe  
  13  0:12  Probe  
  14  0:17  Pylon  
  14  0:24  Probe  
  15  0:32  Probe  
  15  0:37  Gateway  
  15  0:40  Probe  
  16  0:46  Assimilator  
  17  0:51  Probe  
  17  0:55  Assimilator  
  18  0:59  Probe  
  19  1:07  Gateway, Probe  
  19  1:17  Probe  
  20  1:25  Cybernetics Core  
  21  1:29  Probe  
  22  1:34  Pylon  
  22  1:41  Probe  
  23  1:53  Probe  
  24  2:01  Warp Gate, Adept x2  
  28  2:08  Pylon  
  28  2:31  Sentry x2  
  32  2:38  Nexus  
  32  2:41  Probe  
  33  2:53  Probe  
  33  2:57  Stalker  
  36  3:00  Stalker  
  38  3:10  Robotics Facility  
  38  3:16  Pylon  
  38  3:19  Probe  
  39  3:40  Shield Battery x2  
  35  3:45  Immortal  
  35  3:51  Sentry, Stalker  
  39  4:00  Probe  
  44  4:08  Probe  
  43  4:18  Probe  
  43  4:20  Adept  
  43  4:21  Probe  
  43  4:22  Shield Battery  
  46  4:36  Immortal  
  40  4:39  Adept  
  40  4:40  Pylon, Sentry  
  43  4:56  Probe  
  38  5:00  Sentry  
  38  5:04  Adept  
  43  5:10  Shield Battery  
  42  5:17  Warp Prism, Cybernetics Core  
  42  5:38  Pylon  
  42  5:40  Adept x2  
  46  5:53  Observer  
  47  6:01  Stalker x2  
  51  6:17  Nexus  
  51  6:28  Probe  
  51  6:30  Sentry  
Tags
 
Matchup
PvP
Spawn Locations
Cross Positions
Add a new tag
Caveats
  • Supply blocks, unpowered buildings, or Contaminate may cause inaccurate times.
  • Supply counts are checked every 10 seconds.